AoeStats
← ska_18

Arena

506630619Analyzed
3v3 RM · 18d ago on Sep 14, 2026· 53m 7s· 6 players
Game mode
Random Map
Map size
Normal (6 player)
Population
200
Speed
Normal
Resources
Standard
Victory
Conquest
Starting age
Dark Age
Ending age
Imperial Age
RankedLock teamsTeams togetherTeam positionsShared explorationLock speedFull tech treeHidden civsTurbo modeCheats
Victory
Defeat
🇸🇪 Magyars · Sweden
940
+15
🇦🇹 Saracens · Austria
937
+16
🇫🇷 Khmer · France
933
+16
🇹🇼 Hindustanis · Taiwan
974
-18
🇮🇹 Bohemians · Italy
923
-15
🇹🇷 Britons · Türkiye
887
-14
WyZeR
0:30 Loom
12:45 Feudal Age
17:49 Castle Age
15:34 Horse Collar
15:55 Double-Bit Axe
16:30 Stone Mining
17:39 Town Watch
18:30 Wheelbarrow
17:54 Gold Mining
23:09 Bow Saw
27:45 Imperial Age
25:50 Fletching
28:50 Bodkin Arrow
32:51 Elite Ballista Elephant
34:31 Elite Battle Elephant
35:23 Tusk Swords
36:02 Bloodlines
36:16 Conscription
36:14 Forging
36:05 Scale Mail Armor
36:11 Scale Barding Armor
38:50 Iron Casting
38:33 Chain Mail Armor
ska_18
10:20 Feudal Age
15:19 Castle Age
13:18 Double-Bit Axe
14:31 Horse Collar
15:39 Loom
17:09 Bow Saw
17:27 Town Watch
20:16 Wheelbarrow
27:18 Imperial Age
24:45 Gold Mining
24:54 Stone Mining
26:32 Fletching
26:50 Heavy Plow
27:57 Forging
27:53 Scale Barding Armor
28:49 Hand Cart
29:03 Hand Cart
30:32 Gold Shaft Mining
31:30 Conscription
32:08 Iron Casting
31:53 Chain Barding Armor
31:49 Elite Mameluke
34:12 Two-Man Saw
33:51 Town Patrol
35:37 Blast Furnace
34:32 Bodkin Arrow
34:58 Chain Barding Armor
36:02 Chemistry
34:43 Treadmill Crane
36:24 Murder Holes
37:50 Masonry
38:32 Plate Barding Armor
38:37 Bloodlines
38:27 Husbandry
37:48 Light Cavalry
38:30 Bracer
41:37 Hoardings
41:19 Fervor
41:30 Sanctity
42:37 Bimaristan
45:15 Coinage
45:08 Ballistics
44:51 Hussar
45:44 Fortified Wall
45:42 Siege Engineers
51:30 Caravan
52:00 Banking
mati
10:13 Feudal Age
14:51 Castle Age
13:48 Double-Bit Axe
14:37 Horse Collar
17:24 Bow Saw
20:45 Loom
23:31 Heavy Plow
24:58 Wheelbarrow
24:51 Ballistics
24:25 Fletching
24:40 Town Watch
25:27 Gold Mining
25:36 Stone Mining
26:45 Bodkin Arrow
26:50 Padded Archer Armor
27:40 Thumb Ring
27:52 Corvinian Army
29:21 Hand Cart
29:17 Town Patrol
30:15 Leather Archer Armor
31:11 Scale Barding Armor
35:32 Imperial Age
34:26 Husbandry
34:38 Bloodlines
35:28 Chain Barding Armor
36:46 Parthian Tactics
36:02 Elite Magyar Huszar
37:43 Conscription
37:26 Recurve Bow
37:48 Conscription
37:33 Bracer
38:04 Ring Archer Armor
39:19 Plate Barding Armor
38:23 Heavy Cavalry Archer
40:39 Crossbowman
41:34 Arbalester
41:48 Pikeman
Entresto
9:46 Feudal Age
10:20 Double-Bit Axe
16:23 Castle Age
14:32 Horse Collar
14:58 Gold Mining
15:49 Scale Barding Armor
16:52 Loom
18:14 Forging
22:40 Town Watch
25:12 Heavy Plow
26:27 Iron Casting
29:03 Wheelbarrow
31:16 Imperial Age
29:59 Chain Barding Armor
29:52 Devotion
30:47 Bow Saw
32:05 Hand Cart
31:53 Town Patrol
32:39 Husbandry
32:49 Bloodlines
32:12 Heavy Camel Rider
33:40 Fletching
33:50 Padded Archer Armor
35:39 Blast Furnace
35:22 Plate Barding Armor
35:26 Conscription
35:54 Bodkin Arrow
36:33 Imperial Camel Rider
39:51 Light Cavalry
45:01 Hussar
Lethe
0:30 Loom
12:28 Feudal Age
18:46 Castle Age
17:05 Stone Mining
17:35 Double-Bit Axe
17:40 Horse Collar
18:53 Gold Mining
30:51 Imperial Age
29:02 Fletching
32:30 Bodkin Arrow
32:38 Padded Archer Armor
33:14 Gold Shaft Mining
32:43 Heavy Plow
32:57 Bow Saw
34:53 Leather Archer Armor
34:39 Bracer
36:28 Two-Man Saw
36:37 Ring Archer Armor
36:23 Pikeman
37:35 Halberdier
39:57 Ballistics
39:35 Town Watch
40:27 Wheelbarrow
41:49 Elite Longbowman
42:34 Town Patrol
42:50 Hand Cart
43:45 Yeomen
45:58 Chemistry
45:08 Fortified Wall
46:47 Warwolf
48:40 Two-Man Saw
Camionveloce__
11:30 Feudal Age
15:45 Castle Age
13:41 Double-Bit Axe
13:41 Horse Collar
22:40 Heavy Plow
23:47 Bow Saw
24:04 Fletching
24:37 Loom
25:38 Wheelbarrow
25:10 Elite Skirmisher
31:09 Imperial Age
31:16 Imperial Age
31:26 Hand Cart
31:04 Town Watch
33:13 Chemistry
32:43 Elite Hussite Wagon
33:33 Caravan
34:32 Bodkin Arrow
34:48 Forging
34:39 Padded Archer Armor
34:40 Scale Mail Armor
34:46 Scale Barding Armor
35:05 Ballistics
38:03 Houfnice
41:18 Bracer
41:34 Leather Archer Armor
41:55 Iron Casting
41:36 Chain Mail Armor
41:42 Chain Barding Armor
43:03 Conscription
Connection lost

Rejoining the realm…

Still unreachable

The connection could not be restored.

Session expired

The server has moved on; the page needs a fresh start.